 Dungeon Crawl Stone Soup version 0.30-a0-799-g109b55a442 (webtiles) character file.

Game seed: 12216223404961374119

1464213 cforsyth the Annihilator (level 27, 172/184 HPs)
             Began as a Tengu Air Elementalist on Feb 18, 2023.
             Was the Champion of Vehumet.
             Escaped with the Orb
             ... and 3 runes on Feb 20, 2023!
             The game lasted 05:21:41 (101066 turns).

cforsyth the Annihilator (Tengu Air Elementalist) Turns: 101066, Time: 05:21:41

Health: 172/184    AC:  8    Str: 12    XL:     27
Magic:  48/48      EV: 34    Int: 35    God:    Vehumet [******]
Gold:   6769       SH: 10    Dex: 19    Spells: 9/67 levels left

rFire   + + .      SeeInvis +    s - +10 hand axe of Poverty {protect, rF+ Str-2 Int+2}
rCold   + + +      Faith    .    K - +2 buckler {rC+}
rNeg    + + .      Spirit   .    V - +1 robe of Jivugade {Dex+3 SInv}
rPois   .          Reflect  .    d - +2 hat {Stlth+}
rElec   +          Harm     .    H - +1 cloak of Life {rElec rN+ Will+}
rCorr   .          Rampage  .    r - +1 pair of gloves of the Goldsmith {Drain rC+ Dex+3}
Will    +++++                    (boots unavailable)
Stlth   +                        W - amulet "Wiawasus" {RegenMP Will+ Int+5}
HPRegen 0.50/turn                o - ring "Xerph" {rC++ rN+ Will+ Int+3}
MPRegen 0.71/turn                Y - ring "Oluez" {rF+ Str+2 Int+2 Dex-5 Slay+4}

@: flying quickly and evasively, quick
A: beak, talons 3, nimble flight, see invisible, deformed body, strong-willed 1,
inhibited regeneration, no potion heal 1
0: Orb of Zot
}: 3/15 runes: barnacled, silver, gossamer
a: Renounce Religion


You escaped.
You worshipped Vehumet.
Vehumet was exalted by your worship.
You visited 11 branches of the dungeon, and saw 51 of its levels.
You also visited: Bailey and Wizlab.

You collected 8955 gold pieces.
You spent 2186 gold pieces at shops.

Inventory:

Hand Weapons
 s - the +10 hand axe of Poverty (weapon) {protect, rF+ Str-2 Int+2}
   (You found it on level 3 of the Vaults)

   Str:       It affects your strength (-2).
   Int:       It affects your intelligence (+2).
   rF:        It protects you from fire.
 v - the +2 war axe "Biexi" {vamp, *Rage MP+9 Int+8 Stlth+}
   (You found it on level 4 of the Dungeon)

   Int:       It affects your intelligence (+8).
   MP:        It affects your magic capacity (+9).
   *Rage:     It berserks you when you make melee attacks (+20% chance).
   Stlth:     It makes you more stealthy.
 E - the +11 flail of Des Axeh {freeze, Str+3 Dex-2 SInv}
   (You found it on level 4 of the Lair of Beasts)

   Str:       It affects your strength (+3).
   Dex:       It affects your dexterity (-2).
   SInv:      It lets you see invisible.
Armour
 d - a +2 hat of stealth (worn)
 r - the +1 pair of gloves of the Goldsmith (worn) {Drain rC+ Dex+3}
   (You bought it in a shop on level 3 of the Vaults)

   Dex:       It affects your dexterity (+3).
   rC:        It protects you from cold.
   Drain:     It drains your maximum health when unequipped.
 B - the +3 faerie dragon scales {rCorr Str+3 Dex+3 Slay-2}
   (You took it off the Enchantress on level 1 of the Depths)

   Str:       It affects your strength (+3).
   Dex:       It affects your dexterity (+3).
   Slay:      It affects your accuracy & damage with ranged weapons and melee
   (-2).
   rCorr:     It protects you from acid and corrosion.
 G - the +4 moon troll leather armour {Spirit, Regen++ MP+5}
   (You took it off a moon troll in a wizard's laboratory)

   MP:        It affects your magic capacity (+5).
   Regen:     It increases your rate of health regeneration.
 H - the +1 cloak of Life (worn) {rElec rN+ Will+}
   (You found it on level 7 of the Dungeon)

   rElec:     It insulates you from electricity.
   rN:        It protects you from negative energy.
   Will:      It increases your willpower.
 K - a +2 buckler of cold resistance (worn)
 V - the +1 robe of Jivugade (worn) {Dex+3 SInv}
   (You took it off a merfolk siren on level 4 of the Shoals)

   Dex:       It affects your dexterity (+3).
   SInv:      It lets you see invisible.
Jewellery
 a - the ring of Kosenof {rN+ Int+6 Dex+4 Slay+4 Stlth+}
   (You took it off a moon troll in a wizard's laboratory)

   [ring of intelligence]

   Int:       It affects your intelligence (+6).
   Dex:       It affects your dexterity (+4).
   Slay:      It affects your accuracy & damage with ranged weapons and melee
   (+4).
   rN:        It protects you from negative energy.
   Stlth:     It makes you more stealthy.
 o - the ring "Xerph" (left hand) {rC++ rN+ Will+ Int+3}
   (You found it on level 3 of the Crypt)

   [ring of positive energy]

   Int:       It affects your intelligence (+3).
   rC:        It greatly protects you from cold.
   rN:        It protects you from negative energy.
   Will:      It increases your willpower.
 u - the ring of Gluttony {rC+ Will- MP+9 Slay+3 Stlth+}
   (You acquired it on level 2 of the Realm of Zot)

   [ring of magical power]

   Slay:      It affects your accuracy & damage with ranged weapons and melee
   (+3).
   rC:        It protects you from cold.
   MP:        It affects your magic capacity (+9).
   Will:      It decreases your willpower.
   Stlth:     It makes you more stealthy.
 N - the ring "Itrazu" {Fire MP+9 SInv}
   (You found it in a wizard's laboratory)

   [ring of fire]

   It enhances your fire magic.
   rF:        It protects you from fire.
   rC:        It makes you vulnerable to cold.
   MP:        It affects your magic capacity (+9).
   SInv:      It lets you see invisible.
 W - the amulet "Wiawasus" (around neck) {RegenMP Will+ Int+5}
   (You bought it in a shop on level 10 of the Dungeon)

   [amulet of magic regeneration]

   It increases your rate of magic regeneration.
   Int:       It affects your intelligence (+5).
   Will:      It increases your willpower.
 X - the ring of the Gazing Gods {rPois EV+5 Dex+2 Slay+5}
   (You found it on level 2 of the Depths)

   [ring of evasion]

   EV:        It affects your evasion (+5).
   Dex:       It affects your dexterity (+2).
   Slay:      It affects your accuracy & damage with ranged weapons and melee
   (+5).
   rPois:     It protects you from poison.
 Y - the ring "Oluez" (right hand) {rF+ Str+2 Int+2 Dex-5 Slay+4}
   (You took it off a deep elf annihilator on level 3 of the Elven Halls)

   [ring of slaying]

   Str:       It affects your strength (+2).
   Int:       It affects your intelligence (+2).
   Dex:       It affects your dexterity (-5).
   Slay:      It affects your accuracy & damage with ranged weapons and melee
   (+4).
   rF:        It protects you from fire.
Wands
 y - a wand of mindburst (26)
 z - a wand of flame (50)
 F - a wand of digging (19)
 P - a wand of paralysis (69)
 Q - a wand of acid (8)
 U - a wand of iceblast (16)
Scrolls
 c - 5 scrolls of summoning
 g - 5 scrolls of enchant weapon
 h - 4 scrolls of torment
 j - 9 scrolls of magic mapping
 k - 13 scrolls of teleportation
 l - 2 scrolls of silence
 n - 4 scrolls of blinking
 q - 9 scrolls of poison
 x - 14 scrolls of immolation
 C - 10 scrolls of vulnerability
 D - 5 scrolls of amnesia
 L - 4 scrolls of brand weapon
 S - 8 scrolls of enchant armour
 T - 5 scrolls of fog
 Z - 8 scrolls of fear
Potions
 b - 3 potions of magic
 e - 6 potions of berserk rage
 f - 6 potions of attraction
 i - 8 potions of might
 m - 11 potions of haste
 p - 6 potions of mutation
 t - 25 potions of curing
 w - 2 potions of invisibility
 A - 7 potions of lignification
 I - 3 potions of resistance
 J - 6 potions of heal wounds
 M - 9 potions of brilliance
 O - 6 potions of cancellation
 R - 8 potions of ambrosia


   Skills:
 + Level 22.0 Fighting
 + Level 23.9 Dodging
 - Level 2.0 Stealth
 - Level 12.0 Shields
 - Level 20.6 Spellcasting
 O Level 27 Conjurations
 - Level 19.4 Summonings
 - Level 24.7 Air Magic


You had 9 spell levels left.
You knew the following spells:

 Your Spells              Type           Power      Damage    Failure   Level
a - Shock                 Conj/Air       100%       1d9       0%          1
b - Swiftness             Air            100%       N/A       0%          3
c - Airstrike             Air            59%        2d(9-25)  0%          4
d - Chain Lightning       Conj/Air       60%        3d80      1%          9
e - Maxwell's Capacitive  Air            59%        ∞         1%          8
f - Summon Forest         Summ/Tloc      40%        N/A       1%          5
g - Summon Cactus Giant   Summ           53%        N/A       1%          6
h - Summon Mana Viper     Hex/Summ       81%        N/A       1%          5
i - Summon Hydra          Summ           53%        N/A       1%          7
j - Call Canine Familiar  Summ           100%       N/A       0%          3
k - Monstrous Menagerie   Summ           53%        N/A       1%          7

Your spell library contained the following spells:

 Spells                   Type           Power      Damage    Failure   Level
 Summon Small Mammal      Summ           100%       N/A       0%          1
 Momentum Strike          Conj/Tloc      100%       3d10      0%          2
 Static Discharge         Conj/Air       100%       2-7/arc   0%          2
 Hailstorm                Conj/Ice       92%        3d18      0%          3
 Stone Arrow              Conj/Erth      100%       3d13      0%          3
 Summon Lightning Spire   Summ/Air       100%       N/A       0%          4
 Arcjolt                  Conj/Air       60%        1d70      0%          5
 Freezing Cloud           Conj/Ice/Air   51%        6-21      0%          5
 Lightning Bolt           Conj/Air       60%        1d83      0%          5
 Orb of Destruction       Conj           61%        9d15      0%          7
 Apportation              Tloc           72%        N/A       1%          1
 Freeze                   Ice            100%       1d10      1%          1
 Necrotise                Necr           100%       1d9       1%          1
 Slow                     Hex            100%       N/A       1%          1
 Sting                    Tmut/Pois      100%       1d8       1%          1
 Blink                    Tloc           72%        N/A       1%          2
 Ensorcelled Hibernation  Hex/Ice        72%        N/A       1%          2
 Passwall                 Tmut/Erth      30%        N/A       1%          2
 Sublimation of Blood     Necr           36%        N/A       1%          2
 Wereblood                Tmut           36%        N/A       1%          2
 Frozen Ramparts          Ice            72%        1d11      1%          3
 Inner Flame              Hex/Fire       36%        N/A       1%          3
 Kindle Blastsparks       Fire/Tloc/Air  100%       2d18      1%          3
 Summon Guardian Golem    Hex/Summ       81%        N/A       1%          3
 Vhi's Electric Charge    Tloc/Air       100%       N/A       1%          3
 Animate Armour           Summ/Erth      100%       N/A       1%          4
 Flame Wave               Conj/Fire      92%        2d19      1%          4
 Sticky Flame             Conj/Fire      92%        2d10      1%          4
 Summon Ice Beast         Ice/Summ       81%        N/A       1%          4
 Fireball                 Conj/Fire      46%        3d18      1%          5
 Irradiate                Conj/Tmut      46%        3d27      1%          5
 Silence                  Hex/Air        44%        N/A       1%          5
 Iron Shot                Conj/Erth      46%        9d9       1%          6
 Spellforged Servitor     Conj/Summ      57%        N/A       1%          7
 Olgreb's Toxic Radiance  Pois           36%        N/A       2%          4
 Confusing Touch          Hex            36%        N/A       3%          3
 Gell's Gravitas          Tloc           36%        N/A       3%          3
 Ozocubu's Armour         Ice            36%        N/A       3%          3
 Portal Projectile        Hex/Tloc       72%        N/A       3%          3
 Spider Form              Tmut/Pois      36%        N/A       3%          3
 Teleport Other           Tloc           36%        N/A       3%          3
 Tukima's Dance           Hex            36%        N/A       3%          3
 Vampiric Draining        Necr           36%        2d8       3%          3
 Storm Form               Tmut/Air       44%        N/A       5%          7
 Lehudib's Crystal Spear  Conj/Erth      46%        10d11     7%          8
 Lee's Rapid Deconstruct  Erth           18%        3d11*     8%          5
 Anguish                  Hex/Necr       18%        N/A       10%         4
 Animate Dead             Necr           36%        N/A       10%         4
 Leda's Liquefaction      Hex/Erth       18%        N/A       10%         4
 Manifold Assault         Tloc           36%        N/A       10%         4
 Passage of Golubria      Tloc           36%        N/A       10%         4
 Petrify                  Tmut/Erth      36%        N/A       10%         4
 Haunt                    Necr/Summ      40%        N/A       16%         7
 Malign Gateway           Summ/Tloc      40%        N/A       16%         7
 Agony                    Necr           36%        N/A       28%         5
 Alistair's Intoxication  Tmut/Pois      24%        N/A       28%         5
 Blade Hands              Tmut           18%        N/A       28%         5
 Borgnjor's Vile Clutch   Necr/Erth      18%        N/A       28%         5
 Metabolic Englaciation   Hex/Ice        18%        N/A       28%         5
 Dispersal                Tloc           18%        N/A       83%         6
 Simulacrum               Ice/Necr       18%        N/A       83%         6
 Statue Form              Tmut/Erth      24%        N/A       83%         6
 Ozocubu's Refrigeration  Ice            18%        4d11      88%         7
 Borgnjor's Revivificati  Necr           18%        N/A       100%        8
 Ignition                 Fire           18%        3d7       100%        8
 Infestation              Necr           18%        N/A       100%        8
 Necromutation            Tmut/Necr      18%        N/A       100%        8
 Death's Door             Necr           18%        N/A       100%        9
 Polar Vortex             Ice            18%        N/A       100%        9
 Shatter                  Erth           18%        3d17*     100%        9


Dungeon Overview and Level Annotations

Branches:
Dungeon (15/15)            Temple (1/1) D:7            Lair (5/5) D:8
 Shoals (4/4) Lair:2       Spider (4/4) Lair:3        Slime (0/5) Lair:4
    Orc (2/2) D:9             Elf (3/3) Orc:2        Vaults (5/5) D:13
  Crypt (3/3) Vaults:2       Tomb (0/3) Crypt:3      Depths (4/4) D:15
    Zot (5/5) Depths:4     Bailey (visited)          WizLab (visited)

Altars:
Ashenzari
Cheibriados
Dithmenos
Elyvilon
Gozag
Kikubaaqudgha
Makhleb
Sif Muna
Trog
Uskayaw
Vehumet
Wu Jian
Xom
Yredelemnul
Zin
The Shining One

Shops:
D:9 *   D:10 =   Orc:1 :   Orc:2 ?[*!   Elf:1 **   Shoals:1 *   Shoals:3 !
Vaults:1 !   Vaults:2 ??[?(   Vaults:3 [   Vaults:4 [   Vaults:5 (!
Depths:1 =*=!   Depths:2 *

Portals:
Hell: Depths:1 Depths:2 Depths:3 Depths:4
Abyss: Depths:3
Pandemonium: Depths:2 Depths:4
Ziggurat: Depths:4

Annotations:
D:7 Boris
Lair:4 2 transporters, 1 runed translucent door, cforsyth's ghost, journeyman TeFE
Shoals:3 1 runed translucent door


Innate Abilities, Weirdness & Mutations

You have a beak for a mouth.
You have claws for feet.
Your magical nature lets you fly swiftly and evasively.
You have supernaturally acute eyesight. (SInv)
Armour fits poorly on your strangely shaped body.
You are strong-willed. (Will+)
You do not regenerate when monsters are visible.
Potions are less effective at restoring your health.


Message History

You block the orange demon's attack. The orange demon completely misses you.
The cacodemon hits you! The cacodemon misses you.
You block the orange demon's attack. The orange demon closely misses you.
The cacodemon closely misses you. You block the cacodemon's attack.
The orange demon completely misses you. You block the orange demon's attack.
An ice devil comes into view.
Casting: Maxwell's Capacitive Coupling (mildly dangerous; 1% risk of failure)
Confirm with . or Enter, or press ? or * to list all spells.
You block the orange demon's attack.
Casting: Summon Cactus Giant (safe; 1% risk of failure)
Confirm with . or Enter, or press ? or * to list all spells.
A mana viper appears with a sibilant hiss.
You block the cacodemon's attack.
The cacodemon hits you but does no damage.
The orange demon completely misses you.
The ice devil hits you but does no damage.
You swap places.
The cacodemon hits your mana viper! x2
Your mana viper bites the cacodemon!
The cacodemon's magic leaks into the air.
The ice devil hits your mana viper! The ice devil freezes your mana viper!
Your mana viper seems to slow down.
Your cactus giant hits the cacodemon but does no damage.
The cacodemon hits your mana viper!
Your mana viper dies!
Your mana viper disappears in a puff of smoke!
The cacodemon's magic is no longer disrupted.
Your cactus giant barely misses the cacodemon.
You hear a grinding noise.
The cacodemon gestures at you. The bolt of energy misses you.
The cacodemon gestures at you.
Strange energies course through your body.
Your system partially rejects the healing effects of potions.
Your cactus giant closely misses the cacodemon.
The cacodemon gestures next to the orange demon.
Some rock shatters into small pieces.
You see here a +0 dagger.
Some rock shatters into small pieces.
There is a staircase leading out of the dungeon here.
You have escaped!

###.#.#
##).)..##
#.#8~8#.#
#.#≈≈≈#.#
#.#8≈8#.#
#.#≈≈≈#.#
#.#8~8#.#
##.....##
##.@.##
#####


There were no monsters in sight!

Vanquished Creatures
  A dread lich (Vaults:5)
  10 orbs of fire
  Mennas (Vaults:3)
  4 ancient liches
  A juggernaut (Depths:4)
  A pandemonium lord (Zot:5)
  Boris (twice) (Crypt:3 Depths:4)
  Sojobo (Vaults:3)
  Bai Suzhen (Shoals:2)
  3 Killer Klowns (Zot:5)
  Xtahua (Crypt:2)
  3 curse toes
  3 caustic shrikes (Depths:4)
  Nikola (Spider:1)
  13 golden dragons
  the Enchantress (Depths:1)
  A bone dragon (Crypt:3)
  2 electric golems (Zot:5)
  A Brimstone Fiend (D:12)
  20 tentacled monstrosities
  The ghost of Hisewn the Marksdemonspawn, an adept DsHu of Fedhas (Elf:1)
  5 liches
  A deep elf blademaster (Elf:3)
  26 Orb Guardians
  4 titans (Vaults:5)
  4 deep elf master archers (Elf:3)
  7 tentacled starspawn (WizLab)
  An Executioner (D:6)
  5 ancient champions
  7 quicksilver dragons
  5 death cobs
  4 sphinxes
  The ghost of Paij the Eclecticist, an adept OpCj of Vehumet (Spider:4)
  13 storm dragons
  7 tengu reavers
  8 draconian monks
  9 shadow dragons
  Ilsuiw (Shoals:3)
  The ghost of asti the Executioner, a journeyman MiBe of Trog (Spider:1)
  3 revenants
  A daeva (Depths:1)
  2 deep elf sorcerers (Elf:3)
  6 fire giants
  6 draconian knights
  2 iron dragons
  Louise (Shoals:3)
  A balrug (Depths:1)
  13 frost giants
  5 ghost moths
  5 vault wardens
  5 draconian shifters
  8 draconian scorchers
  A deep elf elementalist (Elf:3)
  A caustic shrike zombie (Depths:3)
  14 draconian stormcallers
  9 ghouls
  2 angels (Depths:4)
  4 orc warlords
  9 ironbound preservers
  2 curse skulls (Crypt:1)
  7 ironbound thunderhulks
  A broodmother (Spider:1)
  3 reapers
  4 war gargoyles
  7 vampire knights
  11 stone giants
  4 spriggan defenders
  A juggernaut skeleton (Depths:3)
  7 draconian annihilators
  A caustic shrike skeleton (Crypt:1)
  14 very ugly things
  9 green draconians
  8 black draconians
  Azrael (Elf:1)
  7 dire elephants
  20 white draconians
  3 deep elf demonologists (Elf:3)
  9 deep elf annihilators
  7 purple draconians
  9 red draconians
  4 yellow draconians
  14 ettins
  8 deep elf death magi
  5 eidola
  3 spark wasps (Depths:3)
  3 crystal guardians (WizLab)
  2 green deaths
  6 yaktaur captains
  8 fire dragons
  A mummy priest (Crypt:3)
  Snorg (Lair:3)
  2 merfolk javelineers (Shoals:4)
  2 entropy weavers (shapeshifter)
  9 deep elf high priests
  3 merfolk impalers
  Josephine (D:10)
  35 vault guards
  5 jiangshi
  Fannar (Orc:1)
  2 entropy weavers
  3 great orbs of eyes
  10 ice dragons
  7 spriggan air magi
  2 rakshasas (Depths:2)
  A fenstrider witch zombie (Crypt:2)
  An ice dragon (shapeshifter) (Vaults:5)
  A peacekeeper (Vaults:4)
  7 centaur warriors
  2 boulder beetles
  A hydra (D:15)
  2 ogre magi (Vaults:5)
  4 ironbound frosthearts
  3 death knights
  2 satyrs
  19 dancing weapons
  6 two-headed ogres
  9 deep troll shamans
  13 death yaks
  2 merfolk aquamancers
  4 orc high priests (Orc:2)
  7 deep troll earth magi
  3 vampire magi
  3 tengu warriors
  A titan zombie (Crypt:3)
  5 soul eaters
  8 deep elf knights (Elf:2)
  4 spriggan berserkers
  A skyshark (Shoals:3)
  2 sun demons
  A titan skeleton (Crypt:3)
  A sixfirhy (Depths:2)
  A pharaoh ant (Spider:1)
  An anaconda zombie (Crypt:3)
  A sea snake (Shoals:3)
  5 glowing orange brains
  12 iron trolls
  2 shadow wraiths (Crypt:2)
  A sea snake (shapeshifter) (Elf:2)
  An orb spider (shapeshifter) (Vaults:5)
  A shadow demon (D:3)
  A golden dragon zombie (Depths:3)
  18 deep trolls
  A death drake (shapeshifter) (Vaults:5)
  20 skeletal warriors
  An orange crystal statue (WizLab)
  4 flayed ghosts
  A death drake (Depths:2)
  5 orb spiders
  A deep troll (shapeshifter) (Vaults:5)
  12 harpies
  A tengu zombie (Depths:3)
  An obsidian statue (Elf:1)
  A necromancer (Depths:3)
  9 ironbound convokers
  7 lindwurms
  4 deep elf archers
  14 deep elf zephyrmancers
  2 wizards
  10 phantasmal warriors
  16 deep elf pyromancers
  3 starcursed masses (WizLab)
  2 orc sorcerers
  7 orc knights
  7 fauns
  8 ugly things
  6 manticores
  3 cyclopes
  2 salamanders
  3 wolf spiders
  A dire elephant zombie (Crypt:3)
  13 elephants
  31 moths of wrath
  A naga mage (Depths:2)
  3 merfolk sirens
  3 water nymphs
  3 eyes of devastation (WizLab)
  An orange demon (Depths:2)
  7 vault sentinels
  2 black mambas (shapeshifter)
  6 black mambas
  An eye of devastation (shapeshifter) (Vaults:5)
  A torpor snail (Lair:3)
  Maggie (D:10)
  9 cane toads
  4 rime drakes
  A gargoyle (Bailey)
  3 unseen horrors
  5 swamp worm zombies (Crypt:2)
  2 kobold demonologists (D:11)
  An efreet (D:14)
  A black draconian zombie (Crypt:3)
  6 freezing wraiths
  7 yaktaurs
  6 guardian mummies (Crypt:3)
  3 tengu conjurers
  7 komodo dragons
  A troll (shapeshifter) (Elf:1)
  4 trolls
  A tyrant leech (Lair:5)
  A hydra zombie (Crypt:3)
  8 meliai
  A red devil (Depths:2)
  7 merfolk
  A hornet (shapeshifter) (Vaults:5)
  A polar bear (shapeshifter) (Vaults:5)
  2 sea snake skeletons
  4 polar bears
  A harpy skeleton (Crypt:3)
  Grinder (D:6)
  3 hornets
  6 wind drakes
  3 tarantellas
  28 blink frogs
  A dream sheep (Lair:5)
  A snapping turtle (Shoals:4)
  Prince Ribbit (D:6)
  A fire giant simulacrum (Depths:3)
  A shadow (D:12)
  An ice dragon zombie (Crypt:2)
  A black mamba zombie (Crypt:3)
  3 jumping spiders
  A centaur simulacrum (D:13)
  A slime creature (Vaults:4)
  4 spriggans
  2 wyverns
  4 culicivoras (Spider:2)
  4 air elementals (Shoals:4)
  25 yaks
  8 water elementals
  8 wraiths
  Eustachio (D:4)
  4 fire elementals
  6 vampires
  Grum (D:8)
  2 basilisks
  A chaos spawn (D:6)
  3 golden eyes (WizLab)
  4 redbacks
  8 vampire mosquitoes
  A steam dragon (D:7)
  Duvessa (D:6)
  3 acid dragons
  A hell hound (Elf:1)
  16 water moccasins
  A nameless horror (Shoals:4)
  A meliai simulacrum (D:13)
  A black bear (Lair:2)
  A swamp drake (Depths:2)
  6 ice beasts
  3 sky beasts
  17 orc warriors
  4 ogres
  2 phantoms (D:6)
  20 wolves
  10 centaurs
  2 kobold brigands
  A necrophage (D:8)
  3 earth elementals (Elf:3)
  2 gnoll sergeants
  13 bullfrogs
  A cyclops zombie (Crypt:1)
  15 wights
  Dowan (D:6)
  35 killer bees
  A shapeshifter zombie (Crypt:1)
  7 howler monkeys
  5 wolf zombies (Bailey)
  10 vampire bats (Bailey)
  6 electric eels
  A centaur zombie (Crypt:2)
  16 orc priests
  9 hounds
  A jelly (D:6)
  3 iguanas
  16 orc wizards
  A hound zombie (Crypt:2)
  A boggart simulacrum (D:13)
  A gnoll (shapeshifter) (Depths:4)
  10 gnolls
  2 swamp drake zombies
  4 adders
  A shadow imp (D:6)
  9 white imps
  3 ufetubi
  4 worms
  A dart slug (D:4)
  57 orcs
  5 ball pythons
  8 bats
  10 endoplasms
  5 giant cockroaches
  8 goblins
  6 hobgoblins
  12 jackals
  2 quokkas
  5 frilled lizards
  A frilled lizard zombie (Crypt:3)
  A hobgoblin skeleton (Crypt:3)
  18 kobolds
  23 orc zombies (Bailey)
  5 rats
  A rat skeleton (Crypt:3)
  3 starspawn tentacles (WizLab)
  2 tentacles (Shoals:3)
1603 creatures vanquished.

Vanquished Creatures (collateral kills)
  Saint Roka (Orc:2)
  Arachne (Spider:2)
  Rupert (D:14)
  Jorgrun (Orc:1)
  A walking earthen tome (Depths:2)
  A moon troll (WizLab)
  A kraken (Shoals:3)
  3 tentacled starspawn (WizLab)
  5 ancient champions
  A sphinx (Vaults:2)
  2 tengu reavers (Vaults:3)
  A storm dragon (Shoals:4)
  A revenant (Crypt:3)
  Donald (Shoals:3)
  9 emperor scorpions
  2 ghost moths
  4 vault wardens
  2 deep elf sorcerers (Elf:3)
  Aizul (Shoals:2)
  A ghoul (Crypt:2)
  An orc warlord (Vaults:3)
  A deep elf elementalist (Elf:3)
  2 cacodemons (WizLab)
  6 ironbound preservers
  2 spriggan defenders
  2 broodmothers (Spider:2)
  2 war gargoyles
  2 vampire knights (Crypt:1)
  A juggernaut skeleton (Crypt:1)
  12 very ugly things
  2 ironbound thunderhulks (Vaults:1)
  A stone giant (Depths:2)
  3 deep elf demonologists (Elf:3)
  3 deep elf annihilators (Elf:3)
  7 spark wasps
  3 dire elephants
  5 starcursed masses (WizLab)
  An ettin (Depths:1)
  2 merfolk javelineers (Shoals:4)
  2 deep elf death magi (Elf:3)
  An eidolon (Crypt:1)
  9 jiangshi
  11 merfolk impalers
  A deep elf high priest (Elf:3)
  6 yaktaur captains
  3 vault guards
  5 entropy weavers
  2 hydras (Lair:5)
  3 great orbs of eyes
  A hell beast (D:12)
  A rakshasa (Depths:2)
  A jorogumo (Spider:2)
  An ice dragon (D:15)
  5 ironbound frosthearts
  7 centaur warriors
  3 boulder beetles
  7 radroaches
  An alligator snapping turtle (Shoals:4)
  4 death yaks (Lair:5)
  A two-headed ogre (Orc:1)
  2 deep troll shamans
  An orc high priest (Orc:2)
  A naga sharpshooter (Depths:2)
  A spriggan berserker (Depths:1)
  5 vampire magi
  2 tengu warriors
  7 dancing weapons
  A sun demon (Depths:1)
  7 deep elf knights
  A hell knight (Depths:2)
  26 skeletal warriors
  3 sun moths
  4 sea snakes
  9 pharaoh ants
  25 deep trolls
  4 skysharks
  A shadow wraith (Crypt:3)
  2 glowing orange brains (WizLab)
  3 deep elf archers
  A bog body (Crypt:3)
  2 phantasmal warriors (Crypt:1)
  8 lindwurms
  8 ironbound convokers
  9 steelbarb worms
  11 orc knights
  4 wizards
  8 deep elf zephyrmancers
  5 orb spiders
  6 deep elf pyromancers
  An orc sorcerer (Orc:2)
  5 harpies
  22 wolf spiders
  5 fauns
  33 ugly things
  3 manticores
  A manticore (shapeshifter) (D:15)
  2 cyclopes
  4 moths of wrath
  4 nameless horrors
  7 demonic crawlers
  6 water nymphs
  5 merfolk sirens
  4 eyes of devastation (WizLab)
  5 torpor snails
  15 vault sentinels
  5 cane toads (Lair:5)
  4 swamp worm zombies (Crypt:2)
  A tengu conjurer (Depths:1)
  A freezing wraith (Vaults:5)
  24 yaktaurs
  A troll (Orc:2)
  7 merfolk
  5 wind drakes (Shoals:4)
  A harpy zombie (Crypt:3)
  3 tyrant leeches (Lair:5)
  4 hornets
  7 meliai
  27 tarantellas
  A culicivora zombie (Crypt:3)
  5 snapping turtles
  A raiju (Spider:3)
  2 blink frogs (Lair:5)
  10 dream sheep
  19 culicivoras
  A centaur simulacrum (D:14)
  A guardian serpent skeleton (Crypt:1)
  24 jumping spiders
  3 spriggans (Depths:2)
  16 water elementals
  18 slime creatures
  3 wraiths
  An ettin skeleton (Crypt:3)
  5 air elementals
  3 yaks (Lair:5)
  15 golden eyes (WizLab)
  4 fire elementals
  A neqoxec (WizLab)
  56 redbacks
  A warg (Orc:2)
  A chaos spawn (Depths:2)
  A fire bat zombie (Crypt:2)
  A two-headed ogre skeleton (Crypt:2)
  2 water moccasins (Lair:5)
  4 hell hounds (Elf:1)
  20 orc warriors
  A black bear (shapeshifter) (Depths:2)
  5 ogres
  A boggart (Vaults:3)
  3 centaurs (D:15)
  3 bullfrogs
  5 necrophages (Crypt:2)
  An earth elemental (Elf:2)
  A polar bear skeleton (Crypt:1)
  11 orc priests
  A human skeleton (Crypt:2)
  7 orc wizards
  4 hell rats (Lair:5)
  A hound zombie (Crypt:1)
  A howler monkey skeleton (Crypt:1)
  An adder skeleton (Crypt:2)
  31 orcs
  A bush (Lair:5)
  6 starspawn tentacles (WizLab)
  4 tentacles (Shoals:3)
859 creatures vanquished.

Vanquished Creatures (others)
  A kraken (Shoals:1)
  A deep elf knight (Elf:3)
  A culicivora (Spider:3)
  A killer bee (D:10)
  2 electric eels (Elf:1)
  A bush (Lair:4)
  10 demonic plants (WizLab)
  92 fungi
  238 plants
  35 snaplasher vines
  16 starspawn tentacles (WizLab)
  11 tentacles (Shoals:1)
409 creatures vanquished.

Grand Total: 2871 creatures vanquished

Notes
Turn   | Place    | Note
-------+----------+-------------------------------------------
     0 | D:1      | cforsyth the Tengu Air Elementalist began the quest for the
                  | Orb.
     0 | D:1      | Reached XP level 1. HP: 10/10 MP: 4/4
   159 | D:1      | Reached skill level 2 in Conjurations
   159 | D:1      | Reached XP level 2. HP: 15/15 MP: 3/6
   723 | D:1      | Reached XP level 3. HP: 15/19 MP: 0/7
  1735 | D:2      | Reached skill level 3 in Conjurations
  1758 | D:2      | Reached XP level 4. HP: 24/24 MP: 5/9
  1837 | D:2      | Reached skill level 5 in Air Magic
  2600 | D:2      | Gained mutation: Your magical nature lets you fly swiftly
                  | and evasively. [Tengu growth]
  2600 | D:2      | Reached XP level 5. HP: 28/28 MP: 4/10
  2604 | D:2      | Learned a level 3 spell: Swiftness
  2687 | D:3      | Reached skill level 4 in Conjurations
  3978 | D:4      | Noticed Eustachio
  3996 | D:4      | Killed Eustachio
  3997 | D:4      | Reached XP level 6. HP: 32/32 MP: 2/12
  4082 | D:4      | Found a broken altar of Ashenzari.
  4117 | D:4      | Identified the +1 robe of Starshine {Rampage *Slow Will+++
                  | rCorr}
  4708 | D:4      | Reached skill level 5 in Conjurations
  5000 | D:4      | Identified the +2 war axe "Biexi" {vamp, *Rage MP+9 Int+8
                  | Stlth+}
  5318 | D:5      | Entered Level 5 of the Dungeon
  5705 | D:5      | Found a glowing golden altar of the Shining One.
  5706 | D:5      | Found a glowing silver altar of Zin.
  5763 | D:5      | Identified the +1 ring mail of the Ditch-Digger {Int+3
                  | Slay+3}
  5815 | D:5      | Noticed a water moccasin
  5828 | D:5      | Killed a water moccasin
  5829 | D:5      | Reached XP level 7. HP: 27/36 MP: 11/14
  6112 | D:5      | Reached skill level 6 in Conjurations
  6462 | D:6      | Reached skill level 5 in Spellcasting
  6462 | D:6      | Reached XP level 8. HP: 27/41 MP: 16/16
  6668 | D:6      | Reached skill level 7 in Conjurations
  6728 | D:5      | Learned a level 4 spell: Airstrike
  6956 | D:6      | Noticed Duvessa
  6956 | D:6      | Noticed Dowan
  6974 | D:6      | Killed Duvessa
  7088 | D:6      | Killed Dowan
  7249 | D:6      | Reached skill level 8 in Conjurations
  7341 | D:6      | Noticed Grinder
  7344 | D:6      | Killed Grinder
  7345 | D:6      | Reached XP level 9. HP: 45/45 MP: 10/19
  7444 | D:6      | Noticed Prince Ribbit
  7464 | D:6      | Killed Prince Ribbit
  7821 | D:7      | Reached skill level 10 in Air Magic
  8119 | D:7      | Identified the +1 cloak of Life {rElec rN+ Will+}
  8377 | D:7      | Found a shimmering blue altar of Sif Muna.
  8385 | D:7      | Identified the +4 whip of Subterfuge {venom, rElec rC- rN++
                  | rCorr}
  8388 | D:7      | Upgraded the game from 0.30-a0-779-g7971cf19c3 to
                  | 0.30-a0-782-ge64f9170bb
  8417 | D:7      | Found a staircase to the Ecumenical Temple.
  8420 | D:7      | Noticed a skeletal warrior
  8509 | D:7      | Killed a skeletal warrior
  8791 | Temple   | Entered the Ecumenical Temple
  8826 | Temple   | Became a worshipper of Vehumet
  8862 | D:7      | Noticed a skeletal warrior
  8873 | D:7      | Killed a skeletal warrior
  8874 | D:7      | Reached XP level 10. HP: 47/50 MP: 0/23
  9021 | D:7      | Noticed a skeletal warrior
  9021 | D:7      | Noticed a skeletal warrior
  9112 | D:7      | Killed a skeletal warrior
  9213 | D:7      | Killed a skeletal warrior
  9369 | D:7      | Noticed a skeletal warrior
  9408 | D:7      | Killed a skeletal warrior
 10517 | D:8      | Reached * piety under Vehumet
 10517 | D:8      | Offered knowledge of Sandblast by Vehumet.
 10647 | D:8      | Reached XP level 11. HP: 54/54 MP: 16/25
 10650 | D:8      | Found a staircase to the Lair.
 10665 | D:8      | Reached skill level 10 in Spellcasting
 11031 | D:8      | Noticed Grum
 12280 | D:9      | Found Amalezuo's Fire Supplies.
 12447 | D:9      | Reached ** piety under Vehumet
 12447 | D:9      | Offered knowledge of Kiss of Death by Vehumet.
 12635 | D:9      | Noticed a two-headed ogre
 12640 | D:9      | Killed a two-headed ogre
 12641 | D:9      | Reached skill level 15 in Air Magic
 12718 | D:9      | Found a shadowy altar of Dithmenos.
 13029 | D:9      | Found a staircase to the Orcish Mines.
 13347 | D:9      | Offered knowledge of Kindle Blastsparks by Vehumet.
 13520 | D:9      | Learned a level 3 spell: Kindle Blastsparks
 13744 | D:10     | Entered Level 10 of the Dungeon
 13753 | D:10     | Noticed a two-headed ogre
 13768 | D:10     | Killed a two-headed ogre
 13777 | D:10     | Found an ornate altar of the Wu Jian Council.
 13782 | D:10     | Found Volurr's Jewellery Shop.
 13812 | D:10     | Found a flagged portal.
 13853 | Bailey   | Entered a bailey
 14087 | Bailey   | Reached *** piety under Vehumet
 14581 | Bailey   | Offered knowledge of Ignite Poison by Vehumet.
 15420 | D:10     | Found a snail-covered altar of Cheibriados.
 15882 | D:10     | Reached skill level 1 in Fighting
 16120 | D:10     | Reached **** piety under Vehumet
 16210 | D:10     | Noticed Maggie
 16216 | D:10     | Killed Maggie
 16217 | D:10     | Reached XP level 12. HP: 53/62 MP: 6/28
 16395 | D:10     | Offered knowledge of Fireball by Vehumet.
 16402 | D:10     | Learned a level 5 spell: Fireball
 16462 | D:10     | Noticed Josephine
 17195 | D:10     | Killed Josephine
 17196 | D:10     | Reached skill level 5 in Dodging
 18218 | D:11     | Noticed a two-headed ogre
 18222 | D:11     | Killed a two-headed ogre
 18227 | D:11     | Reached skill level 5 in Fighting
 19428 | D:12     | Noticed a two-headed ogre
 19451 | D:12     | Killed a two-headed ogre
 19704 | D:12     | Noticed a two-headed ogre
 19705 | D:12     | Noticed a two-headed ogre
 19707 | D:12     | Killed a two-headed ogre
 19711 | D:12     | Killed a two-headed ogre
 20013 | D:12     | Reached ***** piety under Vehumet
 20013 | D:12     | Offered knowledge of Freezing Cloud by Vehumet.
 20290 | D:13     | Noticed a centaur warrior
 20298 | D:12     | Killed a centaur warrior
 20487 | D:13     | Noticed a tengu warrior
 21181 | D:13     | Identified the +7 spear "Itiaqan" {drain, rF+ Str-5 Dex+4}
 21348 | D:13     | Noticed a tengu warrior
 21353 | D:13     | Killed a tengu warrior
 21762 | D:13     | Noticed a death yak
 21772 | D:13     | Killed a death yak
 21773 | D:13     | Reached XP level 13. HP: 78/78 MP: 7/29
 22035 | D:13     | Found a gate to the Vaults.
 22035 | D:13     | Noticed a vault guard
 22035 | D:13     | Noticed a vault guard
 22035 | D:13     | Noticed a vault guard
 22035 | D:13     | Noticed a vault guard
 22035 | D:13     | Noticed a vault guard
 22036 | D:13     | Noticed a vault guard
 22057 | D:13     | Killed a vault guard
 22115 | D:13     | Killed a vault guard
 22265 | D:13     | Noticed a vault guard
 22269 | D:13     | Killed a vault guard
 22295 | D:13     | Killed a vault guard
 22441 | D:13     | Killed a vault guard
 22584 | D:13     | Reached skill level 10 in Dodging
 22793 | D:13     | Noticed a vault guard
 22888 | D:13     | Killed a vault guard
 23032 | D:13     | Killed a vault guard
 23694 | D:8      | Killed Grum
 23849 | Lair:1   | Entered Level 1 of the Lair of Beasts
 24985 | Lair:1   | Identified the +1 leather armour of Articulation {rC+}
 25556 | Lair:1   | Reached skill level 10 in Fighting
 25835 | D:10     | Bought the amulet "Wiawasus" {RegenMP Will+ Int+5} for 849
                  | gold pieces
 25995 | Lair:2   | Reached skill level 1 in Summonings
 26154 | Lair:2   | Learned a level 3 spell: Call Canine Familiar
 26163 | Lair:2   | Learned a level 8 spell: Maxwell's Capacitive Coupling
 26461 | Lair:2   | Found a staircase to the Shoals.
 26654 | Lair:2   | Reached skill level 5 in Summonings
 27064 | Lair:2   | Reached XP level 14. HP: 88/88 MP: 22/30
 27316 | Lair:3   | Found a hole to the Spider Nest.
 27876 | Lair:3   | Offered knowledge of Iskenderun's Mystic Blast by Vehumet.
 27974 | Lair:3   | Noticed Snorg
 27981 | Lair:3   | Killed Snorg
 28301 | Lair:4   | Noticed cforsyth's ghost (journeyman TeFE)
 28302 | Lair:4   | Found a bloodstained altar of Trog.
 28365 | Lair:4   | Identified 2 scrolls of acquirement
 28365 | Lair:4   | Acquired a +2 hat of stealth
 28374 | Lair:4   | Acquired 874 gold pieces
 28384 | Lair:4   | Found a transporter.
 28393 | Lair:4   | Found a transporter.
 28434 | Lair:4   | Reached skill level 10 in Summonings
 28965 | Lair:4   | Identified the +11 flail of Des Axeh {freeze, Str+3 Dex-2
                  | SInv}
 29233 | Lair:4   | Found a runed translucent door.
 29444 | Lair:4   | Found a staircase to the Slime Pits.
 29450 | Lair:5   | Entered Level 5 of the Lair of Beasts
 30753 | Lair:5   | Learned a level 5 spell: Summon Forest
 30923 | Lair:5   | Reached XP level 15. HP: 92/92 MP: 13/31
 31020 | Lair:5   | Learned a level 6 spell: Summon Cactus Giant
 32295 | Orc:1    | Entered Level 1 of the Orcish Mines
 32428 | Orc:1    | Noticed Fannar
 32434 | Orc:1    | Killed Fannar
 32492 | Orc:1    | Noticed Jorgrun
 32500 | Orc:1    | Killed Jorgrun
 32802 | Orc:2    | Entered Level 2 of the Orcish Mines
 32956 | Orc:1    | Reached ****** piety under Vehumet
 32956 | Orc:1    | Offered knowledge of Eringya's Noxious Bog by Vehumet.
 32990 | Orc:1    | Found Oge Amp's Vocational Training.
 33269 | Orc:2    | Noticed Saint Roka
 33402 | Orc:2    | Killed Saint Roka
 33739 | Orc:2    | Found a staircase to the Elven Halls.
 34282 | Orc:2    | Reached skill level 15 in Spellcasting
 34523 | Orc:2    | Found Wabricuz's Magic Scroll Boutique.
 34526 | Orc:2    | Found Henaps's General Store.
 34527 | Orc:2    | Found Etsorgho's Distillery.
 34528 | Orc:2    | Found Higav's Armour Boutique.
 34917 | D:14     | Reached XP level 16. HP: 97/97 MP: 36/36
 34917 | D:14     | Upgraded the game from 0.30-a0-782-ge64f9170bb to
                  | 0.30-a0-793-g160f7cfddd
 35053 | D:14     | Noticed Rupert
 35060 | D:14     | Killed Rupert
 35460 | D:15     | Entered Level 15 of the Dungeon
 35869 | D:15     | Offered knowledge of Iron Shot by Vehumet.
 36708 | D:15     | Found a staircase to the Depths.
 37234 | Spider:1 | Entered Level 1 of the Spider Nest
 37526 | Spider:1 | Learned a level 5 spell: Summon Mana Viper
 37800 | Spider:1 | Learned a level 7 spell: Summon Hydra
 37891 | Spider:1 | Found a runed translucent door.
 38616 | Spider:1 | Noticed Nikola
 38622 | Spider:1 | Killed Nikola
 38805 | Spider:1 | Found a shimmering altar of Xom.
 38805 | Spider:1 | Noticed asti's ghost (journeyman MiBe)
 38827 | Spider:1 | Killed asti's ghost
 39441 | Spider:2 | Noticed Arachne
 39451 | Spider:2 | Killed Arachne
 39856 | Spider:2 | Reached XP level 17. HP: 102/105 MP: 30/38
 40032 | Spider:2 | Offered knowledge of Starburst by Vehumet.
 40808 | Spider:2 | Identified the +2 chain mail "Rerphucs" {Rampage rF- Str+4
                  | Int+3}
 42343 | Shoals:1 | Entered Level 1 of the Shoals
 42697 | Shoals:1 | Found Wikkas's General Store.
 43243 | Shoals:1 | Noticed a kraken
 43260 | Shoals:1 | Killed a kraken
 43783 | Shoals:2 | Noticed Aizul
 43790 | Shoals:2 | Killed Aizul
 44157 | Shoals:2 | Offered knowledge of Ozocubu's Refrigeration by Vehumet.
 44450 | Shoals:2 | Reached skill level 15 in Dodging
 44910 | Shoals:3 | Noticed Donald
 44918 | Shoals:3 | Killed Donald
 44921 | Shoals:3 | Noticed Louise
 44926 | Shoals:3 | Killed Louise
 44930 | Shoals:3 | Noticed Bai Suzhen
 45162 | Shoals:2 | Killed Bai Suzhen
 45443 | Shoals:3 | Reached XP level 18. HP: 98/116 MP: 39/39
 45466 | Shoals:3 | Noticed Ilsuiw
 45503 | Shoals:3 | Killed Ilsuiw
 45877 | Shoals:3 | Found Amoo's Distillery.
 45950 | Shoals:3 | Found a runed translucent door.
 46506 | Shoals:4 | Entered Level 4 of the Shoals
 47071 | Shoals:4 | Paralysed by an air elemental for 1 turns
 47074 | Shoals:4 | Paralysed by an air elemental for 1 turns
 47144 | Shoals:4 | Offered knowledge of Conjure Ball Lightning by Vehumet.
 47567 | Shoals:4 | Reached skill level 15 in Fighting
 47813 | Shoals:4 | Identified the +1 robe of Jivugade {Dex+3 SInv}
 47918 | Shoals:4 | Got a barnacled rune of Zot
 47946 | Shoals:4 | Got the Elucidation of Excavation and Contaminants
 48109 | Shoals:4 | Paralysed by an air elemental for 1 turns
 48387 | Shoals:4 | Found a shadowy altar of Dithmenos.
 48684 | Shoals:4 | Paralysed by an air elemental for 1 turns
 49138 | Shoals:4 | Found a glowing golden altar of the Shining One.
 49850 | Spider:3 | Offered knowledge of Lehudib's Crystal Spear by Vehumet.
 49850 | Spider:3 | Offered knowledge of Chain Lightning by Vehumet.
 49850 | Spider:3 | Offered knowledge of Ignition by Vehumet.
 50866 | Spider:4 | Entered Level 4 of the Spider Nest
 50912 | Spider:4 | Reached XP level 19. HP: 120/125 MP: 37/41
 51203 | Spider:4 | Found a runed translucent door.
 51204 | Spider:4 | Noticed Paij's ghost (adept OpCj)
 53269 | Spider:4 | Got a gossamer rune of Zot
 53385 | Spider:4 | Killed Paij's ghost
 53464 | Spider:4 | Got Sif Muna's Papyrus of Excruciating Support
 53742 | Vaults:1 | Entered Level 1 of the Vaults
 53849 | Vaults:1 | Reached skill level 15 in Summonings
 54338 | Vaults:1 | Found Sudiri's Distillery.
 54347 | Vaults:1 | Bought a potion of heal wounds for 80 gold pieces
 54347 | Vaults:1 | Bought a potion of heal wounds for 80 gold pieces
 54827 | Vaults:1 | Reached XP level 20. HP: 133/133 MP: 42/42
 55491 | Vaults:2 | Identified the +8 war axe "Ozajapny" {venom, rCorr Stlth+}
 55543 | Vaults:2 | Found Imytajuick's Magic Scroll Boutique.
 55853 | Vaults:2 | Found Ygew Eqi's Magic Scroll Shoppe.
 55860 | Vaults:2 | Bought a scroll of teleportation for 36 gold pieces
 55860 | Vaults:2 | Bought a scroll of blinking for 90 gold pieces
 56035 | Vaults:2 | Found Duips's Antique Armour Shop.
 56455 | Vaults:2 | Found Fifon's Magic Scroll Shop.
 56613 | Vaults:2 | Found Raruqize's Antique Weapon Shoppe.
 56774 | Vaults:2 | Learned a level 7 spell: Monstrous Menagerie
 56863 | Vaults:2 | Found a staircase to the Crypt.
 57555 | Vaults:3 | Found a magical portal.
 57564 | WizLab   | Entered Lehudib's Moon Base
 57594 | WizLab   | Gained mutation: Your movements are slightly less
                  | encumbered by armour. (ER -2) [a neqoxec]
 57913 | WizLab   | Found a transporter.
 58814 | WizLab   | Identified the ring of Kosenof {rN+ Int+6 Dex+4 Slay+4
                  | Stlth+}
 59730 | WizLab   | Found a transporter.
 59934 | WizLab   | Reached XP level 21. HP: 84/140 MP: 33/44
 60259 | WizLab   | Identified the ring "Itrazu" {Fire MP+9 SInv}
 60269 | WizLab   | Reached XP level 22. HP: 146/146 MP: 45/45
 60397 | Vaults:3 | Noticed Sojobo
 60408 | Vaults:3 | Killed Sojobo
 60554 | Vaults:3 | Identified the +10 hand axe of Poverty {protect, rF+ Str-2
                  | Int+2}
 60866 | Vaults:3 | Found Cyawot's Antique Armour Boutique.
 60868 | Vaults:3 | Noticed Mennas
 61300 | Vaults:3 | Bought a pair of spiked gloves for 285 gold pieces
 61300 | Vaults:3 | Identified the +1 pair of gloves of the Goldsmith {Drain
                  | rC+ Dex+3} (You bought it in a shop on level 3 of the
                  | Vaults)
 62773 | Vaults:4 | Found Wetidaw's Armour Boutique.
 63896 | Elf:1    | Entered Level 1 of the Elven Halls
 64712 | Elf:1    | Noticed Azrael
 64718 | Elf:1    | Killed Azrael
 64823 | Elf:1    | Found a runed translucent gate.
 64823 | Elf:1    | Found a runed translucent gate.
 64824 | Elf:1    | Found a runed translucent gate.
 64825 | Elf:1    | Found an opulent altar of Gozag.
 64827 | Elf:1    | Noticed Hisewn's ghost (adept DsHu)
 64865 | Elf:1    | Found Kypusos's Assorted Antiques.
 64867 | Elf:1    | Found Aramatz's Assorted Antiques.
 65014 | Elf:1    | Killed Hisewn's ghost
 65290 | Elf:1    | Bought a scroll of teleportation for 102 gold pieces
 65290 | Elf:1    | Bought 2 scrolls of teleportation for 204 gold pieces
 65702 | Elf:2    | Reached XP level 23. HP: 120/153 MP: 34/46
 66047 | Elf:2    | Found a huge runed translucent gate.
 66047 | Elf:2    | Found a huge runed translucent gate.
 66047 | Elf:2    | Found a huge runed translucent gate.
 66053 | Elf:2    | Found a huge runed translucent gate.
 66053 | Elf:2    | Found a huge runed translucent gate.
 66722 | Elf:3    | Entered Level 3 of the Elven Halls
 67574 | Elf:3    | Upgraded the game from 0.30-a0-793-g160f7cfddd to
                  | 0.30-a0-799-g109b55a442
 67691 | Elf:3    | Identified the +0 chain mail of Sunlight {Str+4 Dex-4}
 67939 | Elf:3    | Identified the +1 robe "Kiddion" {rElec}
 67939 | Elf:3    | Identified the ring "Oluez" {rF+ Str+2 Int+2 Dex-5 Slay+4}
 68100 | Elf:3    | Identified the +4 dagger of Unreason {antimagic, rC++}
 68480 | Elf:3    | Identified the +6 quarterstaff of Amorality {flame, rElec
                  | Will+}
 68483 | Elf:3    | Identified the ring of Zuruar {Int+3 SInv}
 68736 | Elf:3    | Got the Incunable of Mortuary Wanderlust
 68751 | Elf:3    | Got the Parchment of the Petrous Deep Freeze
 68799 | Elf:3    | Got the Thoughts on Kinetic Places
 69316 | Vaults:4 | Learned a level 9 spell: Chain Lightning
 69422 | Crypt:1  | Entered Level 1 of the Crypt
 69428 | Crypt:1  | Reached skill level 9 in Conjurations
 69600 | Crypt:1  | Reached skill level 10 in Conjurations
 69749 | Crypt:1  | Reached skill level 11 in Conjurations
 70157 | Crypt:1  | Reached skill level 12 in Conjurations
 70535 | Crypt:2  | Noticed Xtahua
 70541 | Crypt:2  | Killed Xtahua
 70542 | Crypt:2  | Reached skill level 13 in Conjurations
 70796 | Crypt:2  | Reached XP level 24. HP: 162/162 MP: 46/46
 71668 | Crypt:1  | Reached skill level 14 in Conjurations
 72559 | Crypt:2  | Reached skill level 15 in Conjurations
 73089 | Crypt:3  | Entered Level 3 of the Crypt
 73280 | Crypt:3  | Reached skill level 16 in Conjurations
 73588 | Crypt:3  | Noticed Boris
 73590 | Crypt:3  | Killed Boris
 73729 | Crypt:3  | Reached skill level 17 in Conjurations
 74236 | Crypt:3  | Identified the +6 broad axe of the Glamorous God {speed,
                  | rPois}
 74236 | Crypt:3  | Identified the ring "Goenioj" {+Blink Fly rN+ Dex+3}
 74285 | Crypt:3  | Reached skill level 18 in Conjurations
 74286 | Crypt:3  | Identified the ring of Yendor {rN+ Stlth+}
 74515 | Crypt:3  | Found a staircase to the Tomb.
 74618 | Crypt:3  | Identified the +4 scale mail of Dyguzoro {rPois rN+ Slay-3}
 74632 | Crypt:3  | Identified the ring "Xerph" {rC++ rN+ Will+ Int+3}
 74729 | Crypt:3  | Noticed a curse toe
 74734 | Crypt:3  | Killed a curse toe
 74796 | Crypt:3  | Identified the amulet of the Original Sin {rElec Regen+}
 74798 | Crypt:3  | Identified the +4 plate armour of the Kraken {rN+ Dex+4}
 74810 | Crypt:3  | Reached skill level 19 in Conjurations
 75144 | Crypt:3  | Found a basalt altar of Yredelemnul.
 75148 | Crypt:3  | Found an ancient bone altar of Kikubaaqudgha.
 75578 | Vaults:5 | Entered Level 5 of the Vaults
 75581 | Vaults:5 | Reached skill level 20 in Conjurations
 75605 | Vaults:5 | Reached skill level 21 in Conjurations
 75608 | Vaults:5 | Reached XP level 25. HP: 85/168 MP: 34/46
 75883 | Vaults:5 | Noticed an ancient lich
 76307 | Vaults:5 | Noticed a dread lich
 76309 | Vaults:5 | Killed an ancient lich
 76310 | Vaults:5 | Reached skill level 22 in Conjurations
 76311 | Vaults:5 | Killed a dread lich
 77210 | Vaults:5 | Reached skill level 23 in Conjurations
 78124 | Vaults:5 | Reached skill level 24 in Conjurations
 78554 | Vaults:5 | Got a silver rune of Zot
 78685 | Vaults:5 | Found the +12 pair of quick blades "Gyre" and "Gimble"
                  | {protect}
 78887 | Vaults:5 | Noticed an ancient lich
 78891 | Vaults:5 | Killed an ancient lich
 79041 | Vaults:5 | Reached skill level 25 in Conjurations
 79258 | Vaults:5 | Found Soetacag's Weapon Shoppe.
 79904 | Vaults:5 | Found Arupeel's Distillery.
 80134 | Depths:1 | Entered Level 1 of the Depths
 80345 | Depths:1 | Noticed the Enchantress
 80349 | Depths:1 | Killed the Enchantress
 80489 | Depths:1 | Reached skill level 26 in Conjurations
 80917 | Depths:1 | Reached XP level 26. HP: 173/173 MP: 35/46
 81368 | Depths:1 | Found a gateway to Hell.
 81368 | Depths:1 | Found the +18 Lear's hauberk
 81495 | Depths:1 | Found Ihiajac's Jewellery Boutique.
 81497 | Depths:1 | Found Hifusuk's Distillery.
 81497 | Depths:1 | Found Isiaq's Jewellery Shop.
 81502 | Depths:1 | Found Dununoit's Assorted Antiques.
 81508 | Depths:1 | Bought 2 potions of haste for 460 gold pieces
 81866 | Depths:2 | Reached skill level 27 in Conjurations
 82494 | Depths:2 | Found Ranlomug's Serpentskin Sales.
 83133 | Depths:2 | Found a one-way gate leading to the halls of Pandemonium.
 84188 | Depths:2 | Identified the ring of the Gazing Gods {rPois EV+5 Dex+2
                  | Slay+5}
 84199 | Depths:2 | Identified the +2 helmet "Taymetoc" {Str+7 Dex-3 SInv}
 84231 | Depths:2 | Identified the +5 dagger "Hoveadut" {drain, *Noise Str+7
                  | Dex+2}
 84677 | Depths:3 | Found a one-way gate to the infinite horrors of the Abyss.
 85593 | Depths:4 | Entered Level 4 of the Depths
 85924 | Depths:4 | Noticed Boris
 85928 | Depths:4 | Killed Boris
 86132 | Depths:4 | Found a gate to the Realm of Zot.
 86162 | Depths:4 | Reached XP level 27. HP: 157/180 MP: 47/47
 86537 | Depths:4 | Noticed a juggernaut
 86818 | Depths:4 | Killed a juggernaut
 87230 | Depths:4 | Found a white marble altar of Elyvilon.
 87251 | Depths:4 | Found a one-way gateway to a ziggurat.
 87376 | Zot:1    | Entered Level 1 of the Realm of Zot
 87514 | Zot:1    | Noticed an orb of fire
 87515 | Zot:1    | Gained mutation: You sometimes lose your temper in combat.
                  | [an orb of fire]
 87520 | Zot:1    | Killed an orb of fire
 89592 | Zot:2    | Acquired the ring of Gluttony {rC+ Will- MP+9 Slay+3
                  | Stlth+}
 89600 | Zot:2    | Identified the +3 hand crossbow of Qyorgh {antimagic,
                  | Dex+3}
 89627 | Zot:2    | Noticed an orb of fire
 90044 | Zot:2    | Gained mutation: Your body sometimes deteriorates upon
                  | taking damage. [an orb of fire]
 90441 | Zot:2    | Killed an orb of fire
 90908 | Zot:2    | Identified the +2 pair of boots of Lucidity {rPois Int+2
                  | Slay+4 Stlth-}
 95601 | Zot:4    | HP: 9/184 [poisoned by a death drake (dark miasma)]
 95602 | Zot:3    | HP: 1/184 [poisoned by a death drake (dark miasma)]
 96602 | Zot:5    | Entered Level 5 of the Realm of Zot
 97472 | Vaults:3 | Killed Mennas
 98173 | Zot:5    | Noticed an ancient lich
 98408 | Zot:5    | Killed an ancient lich
 98409 | Zot:5    | Reached skill level 5 in Shields
 98416 | Zot:5    | Noticed an ancient lich
 98426 | Zot:5    | Killed an ancient lich
 98516 | Zot:5    | Noticed an orb of fire
 98517 | Zot:5    | Gained mutation: You are vulnerable to cold. (rC-) [an orb
                  | of fire]
 98520 | Zot:5    | Gained mutation: Your body often deteriorates upon taking
                  | damage. [an orb of fire]
 98521 | Zot:5    | Killed an orb of fire
 98757 | Zot:5    | Noticed an orb of fire
 98759 | Zot:5    | Gained mutation: You occasionally lose the ability to read
                  | scrolls when taking damage. [an orb of fire]
 98762 | Zot:5    | Killed an orb of fire
 98934 | Zot:5    | Noticed an orb of fire
 98951 | Zot:5    | Killed an orb of fire
 98952 | Zot:5    | Noticed an orb of fire
 98958 | Zot:5    | Killed an orb of fire
 99216 | Zot:5    | Lost mutation: You sometimes lose your temper in combat.
                  | [potion of mutation]
 99216 | Zot:5    | Lost mutation: Your body often deteriorates upon taking
                  | damage. [potion of mutation]
 99216 | Zot:5    | Lost mutation: You are vulnerable to cold. (rC-) [potion of
                  | mutation]
 99216 | Zot:5    | Gained mutation: Armour fits poorly on your strangely
                  | shaped body. [potion of mutation]
 99216 | Zot:5    | Gained mutation: Your spells are a little easier to cast,
                  | but a little less powerful. [potion of mutation]
 99217 | Zot:5    | Lost mutation: Your movements are slightly less encumbered
                  | by armour. (ER -2) [potion of mutation]
 99217 | Zot:5    | Lost mutation: Your body sometimes deteriorates upon taking
                  | damage. [potion of mutation]
 99217 | Zot:5    | Gained mutation: You have hidden genetic potential. [potion
                  | of mutation]
 99217 | Zot:5    | Gained mutation: You are covered in fur. (AC +1) [potion of
                  | mutation]
 99217 | Zot:5    | Gained mutation: You are clumsy. (Dex -2) [potion of
                  | mutation]
 99218 | Zot:5    | Lost mutation: You are covered in fur. (AC +1) [potion of
                  | mutation]
 99218 | Zot:5    | Lost mutation: You have hidden genetic potential. [potion
                  | of mutation]
 99218 | Zot:5    | Lost mutation: You occasionally lose the ability to read
                  | scrolls when taking damage. [potion of mutation]
 99218 | Zot:5    | Gained mutation: You are frail. (-10% HP) [potion of
                  | mutation]
 99219 | Zot:5    | Lost mutation: Your spells are a little easier to cast, but
                  | a little less powerful. [potion of mutation]
 99219 | Zot:5    | Lost mutation: You are clumsy. (Dex -2) [potion of
                  | mutation]
 99219 | Zot:5    | Lost mutation: Armour fits poorly on your strangely shaped
                  | body. [potion of mutation]
 99219 | Zot:5    | Gained mutation: You are clumsy. (Dex -2) [potion of
                  | mutation]
 99219 | Zot:5    | Gained mutation: You are strong-willed. (Will+) [potion of
                  | mutation]
 99220 | Zot:5    | Lost mutation: You are frail. (-10% HP) [potion of
                  | mutation]
 99220 | Zot:5    | Lost mutation: You are clumsy. (Dex -2) [potion of
                  | mutation]
 99220 | Zot:5    | Gained mutation: Armour fits poorly on your strangely
                  | shaped body. [potion of mutation]
 99220 | Zot:5    | Gained mutation: You have supernaturally acute eyesight.
                  | (SInv) [potion of mutation]
 99266 | Zot:5    | Noticed an orb of fire
 99271 | Zot:5    | Killed an orb of fire
 99345 | Zot:5    | Noticed an orb of fire
 99349 | Zot:5    | Killed an orb of fire
 99350 | Zot:5    | Reached skill level 10 in Shields
 99351 | Zot:5    | Noticed an orb of fire
 99355 | Zot:5    | Killed an orb of fire
100242 | Zot:5    | Noticed an orb of fire
100246 | Zot:5    | Killed an orb of fire
100322 | Zot:5    | Got the Orb of Zot
100376 | Zot:5    | Noticed Dyshrot the pandemonium lord
100381 | Zot:5    | Killed Dyshrot the pandemonium lord
100460 | Zot:3    | Noticed Gonkac the pandemonium lord
100664 | D:14     | Gained mutation: You do not regenerate when monsters are
                  | visible. [a cacodemon]
100842 | D:7      | Noticed Boris
101053 | D:1      | Gained mutation: Potions are less effective at restoring
                  | your health. [a cacodemon]
101066 | D:$      | Escaped with the Orb!

Illustrated notes

Levels and vault maps discovered:
D:1:      lightli_arrival_statue_moat, layout_basic, serial_bayou_pond_b
D:2:      layout_basic, serial_forest, infiniplex_forest_straight_2,
          infiniplex_forest_lined_room_3, infiniplex_forest_clump_tiny,
          infiniplex_forest_clump_long, infiniplex_forest_clump_cross,
          dk_noncrumbling_4
D:3:      layout_basic
D:4:      layout_rooms, nicolae_ashenzari_panopticon, serial_co_window_serial,
          co_window_corner_a, co_window_corner_a, co_window_paths_b,
          co_window_corner_a, co_window_paths_a, co_window_corner_ca,
          co_window_broadway_a, co_window_corner_b, co_window_4corner_b,
          co_window_4corner_a, glass_columns_a, glass_columns_a,
          glass_columns_c, minmay_curled_crystal, kennysheep_generic_room_6,
          uniq_eustachio
D:5:      layout_basic, nicolae_overflow_two_pavilions, serial_bayou_lagoon_a,
          minmay_misc_feat_hallway, chequers_serial_rivers_micro_d,
          kennysheep_nub
D:6:      layout_rooms, uniq_grinder, uniq_duvessa, uniq_prince_ribbit1
D:7:      layout_loops_ring, nicolae_sif_muna_condensation,
          minmay_temple_entry_mist, nrook_mini_vaults, hangedman_decor_growths,
          corner_web_ring
D:8:      layout_basic, due_lair_maze_entry_diamond, lemuel_flamethrower_1,
          uniq_grum
D:9:      layout_roguey, nicolae_dithmenos_through_a_glass_darkly, david_orc_5,
          nicolae_shop_fire_sale [nicolae_sub_dead_trees],
          hangedman_abyss_or_decor_passed
D:10:     wad_woods_minihive, layout_long_grid, mainiacjoe_overflow_chevrons,
          mainiacjoe_overflow_alcove_1, serial_shops, nicolae_diamond_shop,
          enter_bailey_6, uniq_maggie, uniq_josephine
D:11:     layout_loops_ring
D:12:     layout_small_grid
D:13:     layout_rooms, erik_vaults_2, serial_ice, serial_ice_m, serial_ice_j,
          serial_ice_o, serial_ice_e, serial_ice_h, serial_ice_a, serial_ice_f
D:14:     layout_irregular_city, uniq_rupert
D:15:     grunt_enter_depths_hoard, layout_irregular_city,
          serial_co_window_serial, co_window_paths_a,
          co_window_of_opportunity_a, co_window_corner_a, co_window_paths_a,
          co_window_corner_a, co_window_2corner, co_window_broadway_c,
          co_window_broadway_c, co_window_broadway_b, co_window_2corner,
          co_window_broadway_c, glass_columns_a, glass_columns_a,
          glass_columns_b, glass_columns_a, glass_columns_b, minivault_23,
          grunt_ministairs_5
Temple:   nicolae_temple_superstar
Lair:1:   layout_gridlike, portal_ice_cave_entry_pillars_2, serial_bayou_ford_a,
          serial_bayou_lake_a, serial_bayou_shore_b
Lair:2:   layout_roguey, minmay_shoals_entry_beasts, serial_rivers,
          chequers_serial_rivers_micro_c, chequers_serial_rivers_room_a,
          chequers_serial_rivers_room_a, chequers_serial_rivers_small_b
Lair:3:   beast_lair_carwin_large_4, layout_long_grid,
          spider_nest_entry_web_field, uniq_snorg
Lair:4:   layout_roguey, slime_entry_2, gammafunk_ghost_wrathful_warriors
Lair:5:   minmay_lair_end_frog_pond, layout_cellular_growth,
          grunt_forest_small_clearing_treed
Shoals:1: layout_shoals, serial_shops, nicolae_shop_window_shopping
Shoals:2: layout_shoals, uniq_aizul
Shoals:3: nicolae_shoals_offshore_bank_account, layout_shoals, serial_shops,
          nicolae_shop_crystal, uniq_louise, uniq_ilsuiw, uniq_donald,
          uniq_bai_suzhen
Shoals:4: shoals_end_hellmonk_storm_palace [storm_palace_center_ruins,
          storm_palace_corner_altar, storm_palace_corner_blocked,
          storm_palace_corner_altar, storm_palace_corner_grid], serial_shops
Spider:1: layout_chambers, ebering_ghost_xom, nicolae_spider_paper_wasps,
          hangedman_spider_tarantella_strand, uniq_nikola
Spider:2: nicolae_spider_hilbert_zone_4 [nicolae_spider_hilbert_4_sides_2_open,
          nicolae_spider_hilbert_4_sides_1_open,
          nicolae_spider_hilbert_4_sides_1_open,
          nicolae_spider_hilbert_4_sides_1_open,
          nicolae_spider_hilbert_4_sides_1_open,
          nicolae_spider_hilbert_2_sides_1_open,
          nicolae_spider_hilbert_2_sides_1_open,
          nicolae_spider_hilbert_2_sides_1_open,
          nicolae_spider_hilbert_2_sides_1_open,
          nicolae_spider_hilbert_6_sides_1_open,
          nicolae_spider_hilbert_6_sides_1_open,
          nicolae_spider_hilbert_3_sides_1_open,
          nicolae_spider_hilbert_3_sides_1_open], uniq_arachne
Spider:3: layout_cave_pods, beargit_elvish_explorers
Spider:4: grunt_spider_rune_circles, ebering_ghost_inner_flame
Orc:1:    layout_diamond_mine, nicolae_shop_vocational, uniq_fannar,
          uniq_jorgrun
Orc:2:    st_orc_pillars, layout_caves, uniq_saint_roka
Elf:1:    layout_loops_ring, ebering_ghost_gozag, minmay_elf_crystal_heptagon,
          drop_trap, chequers_big_river, uniq_azrael
Elf:2:    elven_hall_of_blades_hangedman_alternative [mumra_blade_entry_dagger],
          layout_loops_ring, grunt_megastairs_5
Elf:3:    minmay_elf_hall_not_hex, layout_gridlike, hangedman_decor_cross_pass,
          grunt_megastairs_2
Vaults:1: nicolae_vaults_shelves_hall, vaults_room_corners,
          nicolae_vaults_little_squares_6, v_misc_9,
          nicolae_vaults_angled_halls, nicolae_vaults_little_squares_4,
          grunt_vaults_diagonal, v_misc_13, vaults_mumra_bighexcomb,
          vaults_dpeg_emergency_exit, nicolae_vaults_specimen_jars,
          layout_vaults_omnicross, serial_shops, nicolae_shop_stone
Vaults:2: blue_anna_dwarven_crypt, ontoclasm_vaults_misaligned,
          nicolae_vaults_network_quinsquares
          [nicolae_vaults_network_quincunx_subvault,
          nicolae_vaults_network_quincunx_subvault,
          nicolae_vaults_network_quincunx_subvault,
          nicolae_vaults_network_quincunx_subvault],
          nicolae_vaults_network_barrier, v_misc_26, vaults_dpeg_diagonal,
          nicolae_vaults_what_the_h, ontoclasm_vaults_fault, grunt_vaults_swirl,
          hangedman_vaults_trim, vaults_dpeg_cross, layout_vaults_chaotic_city,
          serial_shops, shop_fountains, shop_scrolls, nicolae_shop_crystal,
          shop_fountains, nicolae_shop_trees
Vaults:3: mu_enter_wizlab_5, hangedman_vaults_pinch,
          vaults_mumra_minichess_inversion, v_misc_3,
          nicolae_vaults_back_hallway, hangedman_vaults_stagger, v_rooms_4,
          v_misc_22, nicolae_vaults_little_squares_6,
          nicolae_vaults_mini_display_case, nicolae_vaults_diagonal_hallway_8,
          nicolae_vaults_asterisk, vaults_room_pools, ontoclasm_vaults_gateway,
          layout_vaults_ring, serial_shops, nicolae_square_shop, uniq_mennas,
          uniq_sojobo
Vaults:4: ontoclasm_vaults_loading_screen, nicolae_vaults_little_squares_1,
          v_rooms_2, grunt_vaults_hallway_long, nicolae_vaults_theta,
          nicolae_vaults_little_squares_5, v_rooms_1, vaults_room_corners,
          layout_vaults_omnigrid, serial_shops, nicolae_shop_waterfront,
          uniq_margery
Vaults:5
Crypt:1:  layout_rooms, minmay_misc_feat_columns
Crypt:2:  layout_rooms, nicolae_crypt_twisting_catacombs, lemuel_dead_fish_pool,
          minivault_27, grunt_megastairs_4, uniq_grunn, uniq_xtahua
Crypt:3:  lightli_unholy_cathedral, layout_chaotic_city,
          tomb_entry_shell_bobbens, weyrava_lich_vault
Depths:1: layout_basic, lightli_too_deep, wad_rectangle_vault, minmay_shoptagon,
          uniq_enchantress
Depths:2: gold_lair_mu, layout_gridville, hell_entry, rand_demon_pan_entry_4,
          grunt_ministairs_3, guppyfry_shop_venom
Depths:3: nzn_winding_woodlands_small [nzn_winding_woodlands_5x15_cabin,
          nzn_winding_woodlands_center_lodge,
          nzn_winding_woodlands_5x15_garden], layout_cave_pools, hell_entry,
          abyss_entry
Depths:4: grunt_zot_entry_funnels, layout_gridville, enter_ziggurat_c,
          rand_demon_pan_entry_5, hell_entry, elyvilon_altar_5
Zot:1:    layout_basic
Zot:2:    layout_cathedral_of_symmetry
Zot:3:    layout_onion_interference
Zot:4:    lemuel_draconian_sentries, layout_basic
Zot:5:    layout_misc_corridors, lemuel_baited_zot_trap,
          hangedman_zot_decor_tridents

Skill      XL: |  1  2  3  4  5  6  7  8  9 10 11 12 13 14 15 16 17 18 19 20 21 22 23 24 25 26 27 |
---------------+----------------------------------------------------------------------------------+-----
Conjurations   | 2 3 4 5 6 8 13 21 26 27 | 27.0
Air Magic      | 5 6 7 9 12 14 16 17 18 19 20 21 23 24 | 24.7
Spellcasting   | 3 4 5 6 8 9 11 15 16 17 18 19 20 | 20.6
Fighting       | 2 7 10 11 14 16 17 18 19 20 22 | 22.0
Dodging        | 3 8 11 12 15 17 18 19 20 21 22 23 | 23.9
Summonings     | 6 14 15 16 17 19 | 19.4
Shields        | 12 | 12.0
Stealth        | |  2.0

Action                     |  1- 3 |  4- 6 |  7- 9 | 10-12 | 13-15 | 16-18 | 19-21 | 22-24 | 25-27 || total
---------------------------+-------+-------+-------+-------+-------+-------+-------+-------+-------++-------
  Melee: Unarmed           |    12 |       |       |     2 |    26 |       |       |       |       ||    40
         Peck              |     3 |       |       |       |     7 |    10 |       |       |     4 ||    24
         Kick              |     3 |       |       |     2 |    14 |    13 |     5 |     1 |     8 ||    46
         War axe           |       |       |       |     5 |    16 |    28 |     5 |     2 |    11 ||    67
         Punch             |       |       |       |       |     1 |       |       |       |     1 ||     2
         Hand axe          |       |       |       |       |       |       |       |       |     6 ||     6
   Cast: Shock             |    77 |   150 |    98 |   156 |    28 |       |       |       |       ||   509
         Airstrike         |       |       |    52 |   392 |   639 |   360 |    20 |     6 |    17 ||  1486
         Swiftness         |       |       |     3 |     1 |       |     1 |       |       |       ||     5
         Kindle Blastspark |       |       |       |     7 |       |     3 |     1 |       |       ||    11
         Fireball          |       |       |       |     7 |     1 |       |       |       |       ||     8
         Summon Forest     |       |       |       |       |    31 |    63 |    20 |    19 |     5 ||   138
         Call Canine Famil |       |       |       |       |     1 |     3 |     6 |       |       ||    10
         Summon Cactus Gia |       |       |       |       |    33 |   145 |   123 |    79 |    39 ||   419
         Summon Mana Viper |       |       |       |       |       |   121 |    93 |    72 |    31 ||   317
         Summon Hydra      |       |       |       |       |       |    26 |    51 |    36 |    18 ||   131
         Maxwell's Capacit |       |       |       |       |       |    19 |    68 |   270 |   328 ||   685
         Monstrous Menager |       |       |       |       |       |       |     2 |     2 |       ||     4
         Chain Lightning   |       |       |       |       |       |       |       |    35 |   216 ||   251
  Evoke: Wand              |       |       |       |    10 |       |       |       |       |     1 ||    11
    Use: Scroll            |       |       |       |     6 |    25 |     8 |     2 |     7 |    12 ||    60
         Potion            |       |       |       |     1 |       |     2 |     4 |     3 |    15 ||    25
   Stab: Distracted        |       |       |       |       |       |     1 |       |       |       ||     1
 Armour: Robe              |     7 |     6 |     4 |    63 |    41 |    55 |     6 |    26 |    51 ||   259
  Dodge: Dodged            |    15 |    28 |    21 |   310 |   360 |   448 |   245 |   634 |   640 ||  2701
  Block: Buckler           |       |       |       |       |       |       |       |       |    39 ||    39

Table legend: (Time is in decaauts)
 A = Elapsed time spent in this place.
 B = Non-inter-level travel time spent in this place.
 C = Inter-level travel time spent in this place.
 D = Time resting spent in this place.
 E = Time spent auto-exploring this place.
 F = Levels seen in this place.
 G = Mean time per level.
                   A        B        C        D        E       F      G
               +--------+--------+--------+--------+--------+-----+--------+
         Total |  96873 |  92122 |   4751 |  25056 |  48745 |  53 | 1827.8 |
       Dungeon |  25434 |  23617 |   1817 |   2770 |  16968 |  15 | 1695.6 |
        Temple |    188 |    166 |     22 |    131 |     20 |   1 |  188.0 |
          Lair |   7473 |   6916 |    557 |   1115 |   4123 |   5 | 1494.6 |
        Shoals |   6740 |   6581 |    159 |   1373 |   3942 |   4 | 1685.0 |
   Spider Nest |   8975 |   8603 |    372 |   2506 |   4110 |   4 | 2243.8 |
  Orcish Mines |   2320 |   2137 |    183 |    130 |   1509 |   2 | 1160.0 |
   Elven Halls |   4728 |   4505 |    223 |   1280 |   2211 |   3 | 1576.0 |
        Vaults |  12240 |  11517 |    723 |   3895 |   5191 |   5 | 2448.0 |
         Crypt |   5762 |   5633 |    129 |   1753 |   2360 |   3 | 1920.7 |
        Depths |   7280 |   6965 |    315 |   2423 |   3212 |   4 | 1820.0 |
           Zot |  11559 |  11314 |    245 |   6503 |   3023 |   5 | 2311.8 |
        Bailey |   1527 |   1527 |      0 |     14 |   1264 |   1 | 1527.0 |
        Wizlab |   2642 |   2642 |      0 |   1158 |    806 |   1 | 2642.0 |
               +--------+--------+--------+--------+--------+-----+--------+

Top non-repeatable levels by time:
Vaults:4: 4323 daAuts
   Zot:2: 3313 daAuts
Vaults:2: 2688 daAuts
  WizLab: 2642 daAuts
     D:8: 2620 daAuts
Shoals:4: 2568 daAuts
Spider:2: 2490 daAuts
 Crypt:1: 2464 daAuts
    D:10: 2451 daAuts
Depths:2: 2449 daAuts
    D:13: 2411 daAuts
Spider:1: 2345 daAuts
   Zot:4: 2294 daAuts
     D:7: 2205 daAuts
Spider:3: 2199 daAuts
